 Dungeon Crawl Stone Soup version 0.20.1-1-g8b1a95d (webtiles) character file.

1181 Araratina the Cudgeler (level 8, -2/60 HPs)
             Began as a Human Fighter on Oct 23, 2017.
             Slain by Sigmund
             ... wielding a +4 scythe of flaming
              (4 damage)
             ... on level 5 of the Dungeon.
             The game lasted 00:43:36 (6600 turns).

Araratina the Cudgeler (Human Fighter)              Turns: 6600, Time: 00:43:37

Health: -2/60      AC: 10    Str: 18    XL:     8   Next: 70%
Magic:  8/8        EV:  6    Int:  9    God:
Gold:   153        SH: 12    Dex: 13    Spells: 7/7 levels left

rFire    . . .     SeeInvis .   x - +1 whip (elec)
rCold    + . .     Gourm    .   c - +2 shield
rNeg     . . .     Faith    .   h - +0 chain mail
rPois    .         Spirit   .   (no helmet)
rElec    .         Reflect  .   (no cloak)
rCorr    .         Harm     .   (no gloves)
MR       .....                  (no boots)
Stlth    ..........             (no amulet)
Regen    0.2/turn               u - ring of protection from cold
MPRegen  0.2/turn               (no ring)

@: no status effects
A: no striking features
a: no special abilities


You were on level 5 of the Dungeon.
You were not hungry.

You visited 1 branch of the dungeon, and saw 5 of its levels.

You collected 153 gold pieces.

Inventory:

Hand Weapons
 a - a +0 flail
 e - a +1 whip of flaming
 j - a +0 antimagic dagger
 v - a +3 whip
 x - a +1 whip of electrocution (weapon)
Armour
 b - a +0 scale mail
 c - a +2 shield (worn)
 h - a +0 chain mail (worn)
 k - a +2 robe of fire resistance
Jewellery
 u - a ring of protection from cold (left hand)
Scrolls
 m - 3 scrolls of amnesia
 n - a scroll of fear {unknown}
 q - a scroll of teleportation
 s - a scroll of immolation {unknown}
 y - a scroll of identify {unknown}
Potions
 d - 2 potions of might
 i - 2 potions of berserk rage {unknown}
 l - a potion of heal wounds {unknown}
 o - 4 potions of curing
 p - a potion of resistance {unknown}
 r - a potion of lignification {unknown}
 t - a potion of magic {unknown}
 z - a potion of mutation {unknown}
Comestibles
 f - 2 bread rations
 g - a royal jelly


   Skills:
 + Level 4.2 Fighting
 + Level 6.2 Maces & Flails
 + Level 5.5 Armour
 + Level 2.0 Dodging
 + Level 0.9 Stealth
 + Level 5.5 Shields


You had 7 spell levels left.
You didn't know any spells.

Dungeon Overview and Level Annotations

Branches:
Dungeon (5/15)
 Temple: D:4-7

Altars:
Hepliaklqana
Qazlal
Ru
Sif Muna
Uskayaw
Yredelemnul

Annotations:
D:4 Menkaure
D:5 Sigmund


Message History

Your shield and chain mail prevent you from hitting something.
Something hits you! Something burns you.
You miss something. Something hits you but does no damage.
You hit something. Lightning courses through something!
You closely miss something. Something hits you. Something burns you.
* * * LOW HITPOINT WARNING * * *
You completely miss something. You hit something.
Lightning courses through something!
You hear some strange, mumbled words.
A magic dart appears from out of thin air!
The magic dart hits you!
* * * LOW HITPOINT WARNING * * *
You closely miss something. Something hits you!
* * * LOW HITPOINT WARNING * * *
Something burns you.
* * * LOW HITPOINT WARNING * * *
You hit something but do no damage.
Your shield and chain mail prevent you from hitting something.
Something hits you.
You die...

#.# #.#
#.# #.#
###.#
..#.#
####.#.#
#....#.#
#<@{.#.#
#..#.#.#
##.#.#.#
..#...#
########


There were no monsters in sight!

Vanquished Creatures
  Pikel (D:3)
  A phantom (D:4)
  4 slaves
  An ogre (D:4)
  2 howler monkeys (D:3)
  A jelly (D:3)
  A centaur skeleton (D:4)
  A hound (D:3)
  An iguana (D:4)
  An orc priest (D:3)
  An orc wizard (D:4)
  Terence (D:2)
  2 worker ants
  4 gnolls
  9 adders
  4 oozes
  4 worms
  2 dart slugs
  4 leopard geckos
  10 orcs
  5 bats
  6 giant cockroaches
  7 goblins
  6 hobgoblins
  5 jackals
  2 quokkas
  2 ball pythons (D:1)
  7 frilled lizards
  11 kobolds
  A leopard gecko skeleton (D:4)
  6 rats
113 creatures vanquished.

Notes
Turn   | Place    | Note
-------+----------+-------------------------------------------
     0 | D:1      | Araratina the Human Fighter began the quest for the Orb.
     0 | D:1      | Reached XP level 1. HP: 18/18 MP: 1/1
    56 | D:1      | Reached XP level 2. HP: 21/24 MP: 2/2
   616 | D:1      | Reached XP level 3. HP: 27/29 MP: 3/3
  1072 | D:2      | Reached skill level 3 in Maces & Flails
  1072 | D:2      | Reached XP level 4. HP: 34/35 MP: 4/4
  1201 | D:2      | Found a deep blue altar of Sif Muna.
  1392 | D:2      | Noticed Terence
  1410 | D:2      | Killed Terence
  1532 | D:2      | Reached skill level 1 in Dodging
  1532 | D:2      | Reached XP level 5. HP: 38/41 MP: 5/5
  2056 | D:3      | Found a sacrificial altar of Ru.
  2058 | D:3      | Found a basalt altar of Yredelemnul.
  2061 | D:3      | Found a hide-covered altar of Uskayaw.
  2242 | D:3      | Reached skill level 4 in Maces & Flails
  2399 | D:3      | Found a hazy altar of Hepliaklqana.
  2451 | D:3      | Reached XP level 6. HP: 47/47 MP: 6/6
  3212 | D:4      | Noticed Pikel
  3574 | D:4      | Noticed a slave
  3583 | D:4      | Noticed a slave
  3604 | D:3      | Killed a slave
  3816 | D:4      | Noticed a slave
  3827 | D:3      | Killed a slave
  3848 | D:3      | Killed a slave
  4014 | D:4      | Reached XP level 7. HP: 41/52 MP: 7/7
  4202 | D:4      | Found a stormy altar of Qazlal.
  4205 | D:4      | Noticed an air elemental
  4205 | D:4      | Noticed a fire elemental
  4205 | D:4      | Noticed a water elemental
  4501 | D:4      | Paralysed by fainting for 10 turns
  4512 | D:4      | Reached skill level 5 in Maces & Flails
  5291 | D:3      | Killed Pikel
  5291 | D:3      | Reached skill level 6 in Maces & Flails
  5291 | D:3      | Reached skill level 5 in Armour
  5291 | D:3      | Reached skill level 5 in Shields
  5291 | D:3      | Reached XP level 8. HP: 30/60 MP: 8/8
  5493 | D:4      | Noticed Menkaure
  6247 | D:5      | Entered Level 5 of the Dungeon
  6264 | D:5      | Noticed Sigmund
  6598 | D:5      | HP: 2/60 [something (7)]
  6600 | D:5      | Slain by Sigmund

Skill      XL: |  1  2  3  4  5  6  7 |
---------------+----------------------+-----
Maces & Flails | 3 4 6 |  6.2
Dodging        | 1 2 |  2.0
Shields        | 4 5 |  5.5
Armour         | 4 5 |  5.5
Fighting       | 4 |  4.2
Stealth        | |  0.9

Action                   |  1- 3 |  4- 6 |  7- 9 || total
-------------------------+-------+-------+-------++-------
Melee: Flail             |   111 |   292 |   177 ||   580
       Whip              |       |       |    94 ||    94
  Use: Scroll            |     1 |     3 |     9 ||    13
       Potion            |       |       |     3 ||     3
  Eat: Chunk             |       |     5 |       ||     5
       Fruit             |       |     2 |     1 ||     3
       Royal jelly       |       |     1 |       ||     1
       Bread ration      |       |       |     1 ||     1
       Meat ration       |       |       |     1 ||     1
Armor: Scale mail        |    13 |       |       ||    13
       Chain mail        |    47 |   167 |    75 ||   289
Dodge: Dodged            |    27 |    70 |    35 ||   132
Block: Shield            |    64 |   175 |   120 ||   359
